 Dungeon Crawl Stone Soup version 0.20.0-15-g7f486f2 (console) character file.

35 removed the Grave Robber (level 3, -2/16 HPs)
             Began as a Spriggan Necromancer on June 10, 2017.
             Was an Initiate of Ru.
             Slain by a hobgoblin
             ... wielding a +0 club
              (4 damage)
             ... on level 2 of the Dungeon.
             The game lasted 00:01:32 (1590 turns).

removed the Grave Robber (Spriggan Necromancer)     Turns: 1590, Time: 00:01:32

Health: -2/16      AC:  2    Str:  4    XL:     3   Next: 17%
Magic:  1/9        EV: 18    Int: 17    God:    Ru [......]
Gold:   80         SH:  0    Dex: 16    Spells: 8/9 levels left

rFire    . . .     SeeInvis +   (weapon restricted)
rCold    . . .     Gourm    .   (shield restricted)
rNeg     . . .     Faith    .   a - +0 robe
rPois    .         Spirit   .   (helmet restricted)
rElec    .         Reflect  .   (no cloak)
rCorr    +         Harm     .   (gloves unavailable)
MR       .....                  (boots unavailable)
Stlth    ++........             (no amulet)
Regen    0.1/turn               g - ring of resist corrosion
MPRegen  0.2/turn               (no ring)

@: very quick
A: unfitting armour, see invisible, herbivore 3, speed 3, slow metabolism 2
a: Renounce Religion


You were on level 2 of the Dungeon.
You worshipped Ru.
Ru was noncommittal.
You were not hungry.

You visited 1 branch of the dungeon, and saw 2 of its levels.

You collected 80 gold pieces.

Inventory:

Armour
 a - a +0 robe (worn)
Jewellery
 g - a ring of resist corrosion (left hand)
Scrolls
 e - 2 scrolls of remove curse {unknown}
 h - a scroll of immolation {unknown}
Potions
 d - a potion of haste {unknown}
 f - a potion of curing {unknown}
Books
 b - a book of Necromancy

   Spells                             Type                      Level
   a - Pain                           Necromancy                   1
   b - Animate Skeleton               Necromancy                   1
   c - Vampiric Draining              Necromancy                   3
   d - Regeneration                   Charms/Necromancy            3
   e - Animate Dead                   Necromancy                   4
   f - Control Undead                 Necromancy                   4
Comestibles
 c - a bread ration


   Skills:
 - Level 3.0 Dodging
 - Level 3.0 Stealth
 + Level 3.6 Spellcasting
 + Level 4.1 Necromancy


You had 8 spell levels left.
You knew the following spells:

 Your Spells              Type           Power        Failure   Level  Hunger
a - Pain                  Necr           ###.         3%          1    None


Dungeon Overview and Level Annotations

Branches:
Dungeon (2/15)

Altars:
Ashenzari
Cheibriados
Dithmenos
Nemelex Xobeh
Ru
Uskayaw
The Shining One


Innate Abilities, Weirdness & Mutations

You are very small and have problems with some larger weapons.
You are too small for most types of armour.
You have supernaturally acute eyesight. (SInv)
You are a herbivore.
You cover ground extremely quickly.
You need consume almost no food.


Message History

(m)acro, (M)acro raw, keymap [(k) default, (x) level-map, (t)argeting, (c)onfirm, m(e)nu], (s)ave?
Aborting.
You barely miss the hobgoblin.
The hobgoblin hits you but does no damage.
Unknown command.
You hit the hobgoblin but do no damage. The hobgoblin hits you.
* * * LOW HITPOINT WARNING * * *
Unknown command.
You hit the hobgoblin but do no damage. The hobgoblin completely misses you.
Unknown command.
You barely miss the hobgoblin. The hobgoblin closely misses you.
Unknown command.
You barely miss the hobgoblin. The hobgoblin barely misses you.
Unknown command.
You hit the hobgoblin.
The hobgoblin is moderately wounded.
The hobgoblin hits you with a club.
You die...

#.....# ....... #.....##
....... #......#
#######....... #......##
#.............
#.......####.............
......................?..
#.....#..###.............
......##.###.....r.......
......##..#..†..@g.......
..._..###.#....#.gr.$....
......# .#....#._8_.....
.⌠.)..###........._......
............##...........
.....#......##...........
._..........##...........
............##..........
......####..##...........


You could see 2 hobgoblins and 2 rats.

Vanquished Creatures
  An adder (D:2)
  2 goblins (D:1)
  9 hobgoblins
  2 jackals (D:2)
  4 bats (D:2)
  3 kobolds
  3 rats
24 creatures vanquished.

Notes
Turn   | Place    | Note
-------+----------+-------------------------------------------
     0 | D:1      | removed the Spriggan Necromancer began the quest for the Orb.
     0 | D:1      | Reached XP level 1. HP: 9/9 MP: 5/5
   481 | D:1      | Reached XP level 2. HP: 7/13 MP: 0/7
  1063 | D:2      | Found a hide-covered altar of Uskayaw.
  1068 | D:2      | Reached skill level 4 in Necromancy
  1436 | D:2      | Reached XP level 3. HP: 12/16 MP: 2/9
  1536 | D:2      | Found a sacrificial altar of Ru.
  1536 | D:2      | Found a sparkling altar of Nemelex Xobeh.
  1549 | D:2      | Became a worshipper of Ru the Awakened
  1567 | D:2      | Found a glowing golden altar of the Shining One.
  1570 | D:2      | Found a snail-covered altar of Cheibriados.
  1570 | D:2      | Found a shadowy altar of Dithmenos.
  1574 | D:2      | Found a shattered altar of Ashenzari.
  1590 | D:2      | Slain by a hobgoblin

Skill      XL: |  1  2 |
---------------+-------+-----
Spellcasting   | 3 |  3.6
Necromancy     | 4 |  4.1
Dodging        | |  3.0
Stealth        | |  3.0

Action                   || total
-------------------------++-------
Melee: Unarmed           ||     6
 Cast: Pain              ||    57
Armor: Robe              ||     2
Dodge: Dodged            ||    13
